 Dungeon Crawl Stone Soup version 0.25-a0-591-g2ad0d86 (webtiles) character file.

Game seed: 11904039033411007154, levelgen mode: deterministic

164 Faca the Vandal (level 5, 0/37 HPs)
             Began as a Halfling Hunter on Mar 14, 2020.
             Slain by Grinder (9 damage)
             ... on level 3 of the Dungeon.
             The game lasted 00:06:50 (3006 turns).

Faca the Vandal (Halfling Hunter)                   Turns: 3006, Time: 00:06:51

Health: 0/37       AC:  3    Str: 14    XL:     5   Next: 73%
Magic:  5/5        EV: 13    Int:  9    God:
Gold:   66         SH:  5    Dex: 15    Spells: 4/4 levels left

rFire    + . .     SeeInvis .   b - +0 short sword
rCold    . . .     Gourm    .   p - +1 buckler
rNeg     . . .     Faith    .   c - +0 leather armour
rPois    .         Spirit   .   (no helmet)
rElec    .         Reflect  .   (no cloak)
rCorr    .         Harm     .   (no gloves)
MR       .....                  (no boots)
Stlth    ++........             (no amulet)
HPRegen  0.12/turn              o - ring of protection from fire
MPRegen  0.09/turn              (no ring)

@: no status effects
A: small, mutation resistance 1
a: no special abilities


You were on level 3 of the Dungeon.
You were not hungry.

You visited 1 branch of the dungeon, and saw 3 of its levels.

You collected 66 gold pieces.

Inventory:

Hand Weapons
 a - a +1 hunting sling
 b - a +0 short sword (weapon)
Missiles
 d - 36 sling bullets
 q - 41 stones (quivered)
Armour
 c - a +0 leather armour (worn)
 p - a +1 buckler (worn)
Jewellery
 o - a ring of protection from fire (left hand)
Wands
 s - a wand of flame (8)
Scrolls
 i - a scroll of identify
Potions
 j - a potion of curing
 t - a potion of heal wounds
Comestibles
 f - 3 rations
 u - 2 chunks of flesh


   Skills:
 + Level 3.7 Fighting
 + Level 7.9 Slings
 - Level 2.1 Dodging
 - Level 1.1 Stealth


You had 4 spell levels left.
You didn't know any spells.
Your spell library was empty.

Dungeon Overview and Level Annotations

Branches:
Dungeon (3/15)

Altars:

Annotations:
D:3 Grinder


Innate Abilities, Weirdness & Mutations

You are small and have problems with some larger weapons.
You are somewhat resistant to further mutation.


Message History

The bat hits you.
Grinder blinks!
You block the bat's attack. The hobgoblin closely misses you.
You hit Grinder.
Grinder is lightly wounded.
The bat hits you but does no damage.
Grinder says, "There's only one good use for a tongue: cutting it out."
Grinder gestures at you.
You barely resist. You block the rat's attack.
The hobgoblin hits you with a +0 club. You block the bat's attack.
Grinder barely misses you. The hobgoblin hits you with a +0 club!
The bat barely misses you. Grinder hits you!
You writhe in agony.
* * * LOW HITPOINT WARNING * * *
The bat hits you.
* * * LOW HITPOINT WARNING * * *
The bat hits you.
* * * LOW HITPOINT WARNING * * *
There is a stone staircase leading up here.
The bat barely misses you. The bat misses you. Grinder hits you!
You die...

#.# ...
#.# ....
#.###.....
#.[..b....
#..######
#.r# #g.#
#5b######
#@.b.....#
##.#####.#
#.# #.#
... ###


You could see Grinder, a hobgoblin, 2 bats and a rat.

Vanquished Creatures
  A bullfrog (D:2)
  3 adders (D:2)
  3 worms (D:2)
  A dart slug (D:2)
  A leopard gecko (D:2)
  3 giant cockroaches
  6 goblins
  7 hobgoblins
  13 jackals
  2 kobolds (D:1)
  2 quokkas (D:2)
  A ball python (D:1)
  4 bats
  6 frilled lizards (D:1)
  7 rats
60 creatures vanquished.

Notes
Turn   | Place    | Note
-------+----------+-------------------------------------------
     0 | D:1      | Faca the Halfling Hunter began the quest for the Orb.
     0 | D:1      | Reached XP level 1. HP: 14/14 MP: 1/1
    71 | D:1      | Reached skill level 6 in Slings
   136 | D:1      | Reached XP level 2. HP: 19/19 MP: 2/2
   179 | D:1      | Reached XP level 3. HP: 18/25 MP: 3/3
   944 | D:1      | You fall into a shaft and drop 1 floor!
  1024 | D:2      | Reached XP level 4. HP: 27/30 MP: 4/4
  1322 | D:1      | Reached skill level 7 in Slings
  1753 | D:2      | Noticed a bullfrog
  1816 | D:2      | Killed a bullfrog
  1816 | D:2      | Reached XP level 5. HP: 36/36 MP: 5/5
  2995 | D:3      | Noticed Grinder
  3006 | D:3      | Slain by Grinder

Levels and vault maps discovered:
D:1:      lemuel_arrival_river_bridge, layout_loops_cross, minivault_11,
          hangedman_decor_clover_reticule
D:2:      layout_basic
D:3:      layout_loops_ring, grunt_temple_overflow_open, uniq_grinder

Skill      XL: |  1  2  3  4 |
---------------+-------------+-----
Slings         | 6 7 |  7.9
Fighting       | 2 3 |  3.7
Dodging        | |  2.1
Stealth        | |  1.1

Action                   |  1- 3 |  4- 6 || total
-------------------------+-------+-------++-------
Melee: Short sword       |   106 |   106 ||   212
 Fire: Hunting sling     |    15 |    23 ||    38
  Use: Scroll            |       |     9 ||     9
 Stab: Distracted        |     1 |       ||     1
       Sleeping          |     1 |       ||     1
  Eat: Chunk             |       |     7 ||     7
Armor: Leather armour    |    16 |    20 ||    36
Dodge: Dodged            |    95 |   105 ||   200
Block: Buckler           |       |    26 ||    26

Table legend:
 A = Non-vault XP
 B = Vault XP
 C = Vault XP percentage of total XP
 D = Non-vault monster count
 E = Vault monster count
 F = Vault count percentage of total count
                 A         B        C        D         E       F
            +---------+---------+-------+---------+---------+-------
      Total |     235 |       0 |   0.0 |      60 |       0 |   0.0
            +---------+---------+-------+---------+---------+-------
        D:1 |      60 |       0 |   0.0 |      38 |       0 |   0.0
        D:2 |     175 |       0 |   0.0 |      22 |       0 |   0.0
            +---------+---------+-------+---------+---------+-------
